Laval Squanderers vs Ste. Rose Royals
Created - Tuesday, June 27, 2023 at 07:06
Goals
|
| Laval Squanderers |
0 |
2 |
0 |
2 |
| Ste. Rose Royals |
1 |
2 |
2 |
5 |
|
Shots
|
| Laval Squanderers |
12 |
12 |
10 |
34 |
| Ste. Rose Royals |
12 |
16 |
8 |
36 |
|
1st period
1. Ste. Rose Royals , Ryan Poehling 28 (Jaycob Megna 28, Colin Blackwell 43) at 8:39 (PP)
Penalties :
Braden Schneider (LSQ) for Hooking (Minor) at 7:39, Danila Klimovich (LSQ) for Roughing (Minor) at 18:06
2nd period
2. Ste. Rose Royals , Kaapo Kakko 44 (Joel Armia 51, Derek Ryan 50) at 0:56
3. Laval Squanderers , Martin Kaut 33 (Simon Holmstrom 36, Graeme Clarke 29) at 2:46
4. Ste. Rose Royals , Trevor Lewis 24 (Ryan Poehling 38, Colin Blackwell 44) at 12:02
5. Laval Squanderers , Danila Klimovich 6 (Lukas Reichel 22, Kyle Burroughs 25) at 12:57
Penalties :
Graeme Clarke (LSQ) for Roughing (Minor) at 3:45, Graeme Clarke (LSQ) for Roughing (Minor) at 7:26
3rd period
6. Ste. Rose Royals , Joel Armia 45 (Kaapo Kakko 64) at 2:35
7. Ste. Rose Royals , Ryan Poehling 29 (Colin Blackwell 45, Trevor Lewis 41) at 15:34
Penalties :
Kyle Burroughs (LSQ) for Holding (Minor) at 2:50, Mark Kastelic (LSQ) for Roughing (Minor) at 11:29
Goalie Stats
Dylan Garand (LSQ), 31 saves from 36 shots - (0.861), L, 9-13-6, 60:00 minutes
Cayden Primeau (BWK), 32 saves from 34 shots - (0.941), W, 7-5-0, 60:00 minutes
Players Stats for Laval Squanderers
Player Name G A P +/- PIM S H SB GA TA FO MP PP MP PK MP
------------------------------------------------------------------------------------
Alex Green 0 0 0 0 0 0 0 2 0 0 0/0 13:50 0:00 0:00
Braden Schneider 0 0 0 -1 2 2 2 1 0 1 0/0 23:17 0:00 5:26
Danila Klimovich 1 0 1 0 2 1 3 0 0 0 4/7 13:47 0:00 0:00
Graeme Clarke 0 1 1 0 4 0 0 1 0 1 8/12 14:21 0:00 0:00
Joey Keane 0 0 0 0 0 1 1 0 0 1 0/0 8:50 0:00 0:19
Justin Barron 0 0 0 -1 0 6 2 0 0 0 0/0 22:46 0:00 5:29
Kaedan Korczak 0 0 0 0 0 1 3 0 0 0 0/0 14:15 0:00 0:51
Kyle Burroughs 0 1 1 -1 2 1 1 0 1 1 0/0 22:07 0:00 4:16
Lias Andersson 0 0 0 0 0 0 2 0 2 0 1/1 8:26 0:00 0:17
Lukas Reichel 0 1 1 1 0 3 0 0 1 0 0/0 14:41 0:00 1:16
Mackenzie MacEachern 0 0 0 -2 0 0 3 0 1 1 0/0 17:34 0:00 5:01
Mark Kastelic 0 0 0 -3 2 2 0 1 0 0 13/19 17:44 0:00 4:09
Martin Kaut 1 0 1 0 0 3 0 2 1 1 1/6 19:15 0:00 5:08
Mike Hardman 0 0 0 0 0 0 0 0 0 0 1/1 9:01 0:00 0:40
Nils Lundkvist 0 0 0 -1 0 4 0 2 0 0 0/0 23:02 0:00 5:29
Oliver Wahlstrom 0 0 0 -3 0 2 2 1 0 0 2/6 18:59 0:00 5:19
Reese Johnson 0 0 0 1 0 5 1 0 0 1 0/0 12:57 0:00 0:00
Simon Holmstrom 0 1 1 0 0 3 2 0 0 2 0/1 14:07 0:00 0:00
Players Stats for Ste. Rose Royals
Player Name G A P +/- PIM S H SB GA TA FO MP PP MP PK MP
------------------------------------------------------------------------------------
Brendan Guhle 0 0 0 1 0 0 2 1 0 1 0/0 14:07 0:00 0:00
Brendan Perlini 0 0 0 -1 0 2 1 0 2 1 0/0 13:04 0:09 0:00
Colin Blackwell 0 3 3 2 0 2 3 2 1 0 7/16 19:31 5:26 0:00
Derek Ryan 0 1 1 1 0 1 0 2 0 0 10/19 18:38 5:18 0:00
Grigori Denisenko 0 0 0 0 0 3 0 0 3 0 0/0 9:01 0:08 0:00
Jaycob Megna 0 1 1 0 0 1 2 3 0 1 0/0 23:21 5:43 0:00
Joel Armia 1 1 2 1 0 5 6 2 0 0 1/2 18:43 5:20 0:00
Joel Hanley 0 0 0 1 0 1 1 3 1 1 0/0 22:32 5:12 0:00
Kaapo Kakko 1 1 2 1 0 8 1 0 2 1 1/2 18:54 5:21 0:00
Klim Kostin 0 0 0 -1 0 2 1 0 0 0 0/1 12:34 0:00 0:00
Kristian Vesalainen 0 0 0 0 0 1 1 0 0 0 0/1 8:42 0:00 0:00
Libor Hajek 0 0 0 1 0 1 0 0 0 0 0/0 14:07 0:00 0:00
Matthew Peca 0 0 0 -1 0 3 1 0 0 0 4/8 13:09 0:11 0:00
Mike Reilly 0 0 0 0 0 0 3 2 0 0 0/0 23:21 5:43 0:00
Nathan Beaulieu 0 0 0 1 0 0 1 1 0 0 0/0 22:32 5:12 0:00
Ryan Poehling 2 1 3 2 0 5 0 0 0 1 0/1 19:31 5:26 0:00
Tanner Fritz 0 0 0 0 0 0 3 2 0 0 0/2 8:42 0:00 0:00
Trevor Lewis 1 1 2 2 0 1 5 0 0 0 0/1 19:31 5:26 0:00
3 Stars
1 - Ryan Poehling (BWK)
2 - Trevor Lewis (BWK)
3 - Joel Armia (BWK)
Power Play
Laval Squanderers - 0 on 0 Attempt(s) - 0.00%
Ste. Rose Royals - 1 on 6 Attempt(s) - 16.67%
Penalty Kill
Laval Squanderers - 5 on 6 Attempt(s) - 83.33%
- Score 0 goal in Penalty Kill
Ste. Rose Royals - 0 on 0 Attempt(s) - 0.00%
- Score 0 goal in Penalty Kill
Team Stat
Laval Squanderers - Hits : 22 - Faceoff Wins : 30 - Blocked Shots : 10 - Penalty Minutes : 12
Ste. Rose Royals - Hits : 31 - Faceoff Wins : 23 - Blocked Shots : 18 - Penalty Minutes : 0
Official
Referees : Garrett Rank and Chris Lee
Linesman : Shandor Alphonso and Mark Shewchyk
Game Notes
12:57 of 2nd period - Laval Squanderers goal is going for a video replay. After video review, Goal.
Laval Squanderers
5 vs 5 Forward
Center Left Wing Right Wing Time % Phy DF OF
1 Mark Kastelic Mackenzie MacEachern Oliver Wahlstrom 30 1 2 2
2 Graeme Clarke Simon Holmstrom Martin Kaut 30 1 2 2
3 Danila Klimovich Lukas Reichel Reese Johnson 25 1 2 2
4 Lias Andersson Mike Hardman Joey Keane 15 1 2 2
5 vs 5 Defense
Defense Defense Time % Phy DF OF
1 Kyle Burroughs Braden Schneider 35 1 2 2
2 Nils Lundkvist Justin Barron 35 1 2 2
3 Alex Green Kaedan Korczak 30 1 2 2
4 Braden Schneider Kyle Burroughs 0 1 2 2
PowerPlay Forward
Center Left Wing Right Wing Time % Phy DF OF
1 Mark Kastelic Mackenzie MacEachern Oliver Wahlstrom 50 1 2 2
2 Graeme Clarke Simon Holmstrom Martin Kaut 50 1 2 2
PowerPlay Defense
Defense Defense Time % Phy DF OF
1 Kyle Burroughs Braden Schneider 50 1 2 2
2 Nils Lundkvist Justin Barron 50 1 2 2
Penalty Kill 4 Players Forward
Center Wing Time % Phy DF OF
1 Oliver Wahlstrom Mark Kastelic 50 1 2 2
2 Martin Kaut Mackenzie MacEachern 50 1 2 2
Penalty Kill 4 Players Defense
Defense Defense Time % Phy DF OF
1 Kyle Burroughs Braden Schneider 50 1 2 2
2 Nils Lundkvist Justin Barron 50 1 2 2
Penalty Kill - 3 Players Forward
Forward Time % Phy DF OF
1 Oliver Wahlstrom 50 1 2 2
2 Mark Kastelic 50 1 2 2
Penalty Kill - 3 Players Defense
Defense Defense Time % Phy DF OF
1 Kyle Burroughs Braden Schneider 50 1 2 2
2 Nils Lundkvist Justin Barron 50 1 2 2
4 vs 4 Forward
Center Wing Time % Phy DF OF
1 Oliver Wahlstrom Mark Kastelic 50 1 2 2
2 Martin Kaut Mackenzie MacEachern 50 1 2 2
4 vs 4 Defense
Defense Defense Time % Phy DF OF
1 Kyle Burroughs Braden Schneider 50 1 2 2
2 Nils Lundkvist Justin Barron 50 1 2 2
Last Minutes Offensive
Center Left Wing Right Wing Defense Defense
Mark Kastelic Mackenzie MacEachern Oliver Wahlstrom Kyle Burroughs Braden Schneider
Last Minutes Defensive
Center Left Wing Right Wing Defense Defense
Mark Kastelic Mackenzie MacEachern Oliver Wahlstrom Kyle Burroughs Braden Schneider
Goaltenders
Starting : Dylan Garand
Backup : Mads Sogaard
Extra Forwards
Normal : Lias Andersson, Reese Johnson, Lukas Reichel - PP : Lias Andersson, Reese Johnson - PK : Lukas Reichel
Extra Defensemen
Normal : Alex Green, Kaedan Korczak, Joey Keane - PP : Alex Green - PK : Kaedan Korczak, Joey Keane
Penalty Shots
Oliver Wahlstrom, Mark Kastelic, Martin Kaut, Mackenzie MacEachern, Reese Johnson
Ste. Rose Royals
5 vs 5 Forward
Center Left Wing Right Wing Time % Phy DF OF
1 Derek Ryan Joel Armia Kaapo Kakko 30 1 2 2
2 Colin Blackwell Ryan Poehling Trevor Lewis 30 1 2 2
3 Matthew Peca Brendan Perlini Klim Kostin 25 1 2 2
4 Tanner Fritz Grigori Denisenko Kristian Vesalainen 15 1 2 2
5 vs 5 Defense
Defense Defense Time % Phy DF OF
1 Jaycob Megna Mike Reilly 35 1 2 2
2 Nathan Beaulieu Joel Hanley 35 1 2 2
3 Libor Hajek Brendan Guhle 30 1 2 2
4 Jaycob Megna Mike Reilly 0 1 2 2
PowerPlay Forward
Center Left Wing Right Wing Time % Phy DF OF
1 Derek Ryan Joel Armia Kaapo Kakko 50 1 2 2
2 Colin Blackwell Ryan Poehling Trevor Lewis 50 1 2 2
PowerPlay Defense
Defense Defense Time % Phy DF OF
1 Jaycob Megna Mike Reilly 50 1 2 2
2 Nathan Beaulieu Joel Hanley 50 1 2 2
Penalty Kill 4 Players Forward
Center Wing Time % Phy DF OF
1 Kaapo Kakko Joel Armia 50 1 2 2
2 Derek Ryan Colin Blackwell 50 1 2 2
Penalty Kill 4 Players Defense
Defense Defense Time % Phy DF OF
1 Jaycob Megna Mike Reilly 50 1 2 2
2 Nathan Beaulieu Joel Hanley 50 1 2 2
Penalty Kill - 3 Players Forward
Forward Time % Phy DF OF
1 Kaapo Kakko 50 1 2 2
2 Joel Armia 50 1 2 2
Penalty Kill - 3 Players Defense
Defense Defense Time % Phy DF OF
1 Jaycob Megna Mike Reilly 50 1 2 2
2 Nathan Beaulieu Joel Hanley 50 1 2 2
4 vs 4 Forward
Center Wing Time % Phy DF OF
1 Kaapo Kakko Joel Armia 50 1 2 2
2 Derek Ryan Colin Blackwell 50 1 2 2
4 vs 4 Defense
Defense Defense Time % Phy DF OF
1 Jaycob Megna Mike Reilly 50 1 2 2
2 Nathan Beaulieu Joel Hanley 50 1 2 2
Last Minutes Offensive
Center Left Wing Right Wing Defense Defense
Derek Ryan Joel Armia Kaapo Kakko Jaycob Megna Mike Reilly
Last Minutes Defensive
Center Left Wing Right Wing Defense Defense
Derek Ryan Joel Armia Kaapo Kakko Jaycob Megna Mike Reilly
Goaltenders
Starting : Cayden Primeau
Backup : Erik Kallgren
Extra Forwards
Normal : Matthew Peca, Brendan Perlini, Klim Kostin - PP : Matthew Peca, Brendan Perlini - PK : Klim Kostin
Extra Defensemen
Normal : Libor Hajek, Brendan Guhle, Nathan Beaulieu - PP : Libor Hajek - PK : Brendan Guhle, Nathan Beaulieu
Penalty Shots
Kaapo Kakko, Joel Armia, Derek Ryan, Colin Blackwell, Trevor Lewis
% Time on Ice - Laval Squanderers
Lines # - Real PCT - Wanted PCT - Time Play
Normal Forward
1 - 28% - 30% - 13:52
2 - 29% - 30% - 14:07
3 - 26% - 25% - 12:57
4 - 17% - 15% - 8:09
Normal Defense
1 - 35% - 35% - 17:25
2 - 35% - 35% - 17:17
3 - 28% - 30% - 13:56
4 - 1% - 0% - 0:27
PP Forward
1 - 0% - 50%
2 - 0% - 50%
PP Defense
1 - 0% - 50%
2 - 0% - 50%
PK Forward
1 - 53% - 50% - 5:47
2 - 47% - 50% - 5:08
PK Defense
1 - 50% - 50% - 5:26
2 - 50% - 50% - 5:29
PK3 Forward
1 - 0% - 50%
2 - 0% - 50%
PK3 Defense
1 - 0% - 50%
2 - 0% - 50%
44 Forward
1 - 0% - 50%
2 - 0% - 50%
44 Defense
1 - 0% - 50%
2 - 0% - 50%
Last Minute Offensive - 0:00
Last Minute Defensive - 0:00
Total
Forward - 60:00
Defense - 60:00
|
% Time on Ice - Ste. Rose Royals
Lines # - Real PCT - Wanted PCT - Time Play
Normal Forward
1 - 28% - 30% - 13:33
2 - 29% - 30% - 14:16
3 - 26% - 25% - 12:34
4 - 18% - 15% - 8:42
Normal Defense
1 - 34% - 35% - 16:47
2 - 35% - 35% - 17:20
3 - 29% - 30% - 14:07
4 - 2% - 0% - 0:51
PP Forward
1 - 49% - 50% - 5:21
2 - 51% - 50% - 5:34
PP Defense
1 - 52% - 50% - 5:43
2 - 48% - 50% - 5:12
PK Forward
1 - 0% - 50%
2 - 0% - 50%
PK Defense
1 - 0% - 50%
2 - 0% - 50%
PK3 Forward
1 - 0% - 50%
2 - 0% - 50%
PK3 Defense
1 - 0% - 50%
2 - 0% - 50%
44 Forward
1 - 0% - 50%
2 - 0% - 50%
44 Defense
1 - 0% - 50%
2 - 0% - 50%
Last Minute Offensive - 0:00
Last Minute Defensive - 0:00
Total
Forward - 60:00
Defense - 60:00
|
Play-by-Play
1st period
0:01 of 1st period - Mark Kastelic wins face-off versus Derek Ryan in neutral zone.
0:06 of 1st period - Mike Reilly is hit by Kyle Burroughs and loses puck.
0:25 of 1st period - Jaycob Megna is hit by Braden Schneider.
0:53 of 1st period - Snap shot by Matthew Peca.
0:53 of 1st period - Shot Misses the Net.
2:49 of 1st period - Snap shot by Kaapo Kakko.
2:49 of 1st period - Shot Misses the Net.
2:51 of 1st period - Snap shot by Libor Hajek.
2:51 of 1st period - Stopped by Dylan Garand with a rebound.
2:53 of 1st period - Snap shot by Derek Ryan.
2:53 of 1st period - Stopped by Dylan Garand without a rebound.
2:54 of 1st period - Graeme Clarke wins face-off versus Colin Blackwell in Laval Squanderers zone.
2:54 of 1st period - Graeme Clarke is hit by Trevor Lewis.
3:08 of 1st period - Snap shot by Ryan Poehling.
3:08 of 1st period - Stopped by Dylan Garand with a rebound.
4:12 of 1st period - Snap shot by Lias Andersson.
4:12 of 1st period - Shot Misses the Net.
4:36 of 1st period - Snap shot by Kristian Vesalainen.
4:36 of 1st period - Stopped by Dylan Garand with a rebound.
5:51 of 1st period - Trevor Lewis is hit by Justin Barron and loses puck.
6:14 of 1st period - Snap shot by Martin Kaut.
6:14 of 1st period - Stopped by Cayden Primeau without a rebound.
6:15 of 1st period - Mark Kastelic wins face-off versus Derek Ryan in Ste. Rose Royals zone.
6:40 of 1st period - Brendan Perlini is hit by Reese Johnson and loses puck.
6:53 of 1st period - Slapshot by Lukas Reichel.
6:53 of 1st period - Shot Blocked by Brendan Guhle.
7:26 of 1st period - Kyle Burroughs is hit by Jaycob Megna and loses puck.
7:39 of 1st period - Minor Penalty to Braden Schneider for Hooking.
7:40 of 1st period - Derek Ryan wins face-off versus Oliver Wahlstrom in Laval Squanderers zone.
7:55 of 1st period - Backhand shot by Kaapo Kakko.
7:55 of 1st period - Stopped by Dylan Garand with a rebound.
8:24 of 1st period - Martin Kaut is hit by Trevor Lewis and loses puck.
8:31 of 1st period - Snap shot by Colin Blackwell.
8:31 of 1st period - Stopped by Dylan Garand with a rebound.
8:33 of 1st period - Slapshot by Jaycob Megna.
8:33 of 1st period - Shot Blocked by Nils Lundkvist.
8:39 of 1st period - Snap shot by Ryan Poehling.
8:39 of 1st period - Goal by Ryan Poehling - Laval Squanderers : 0 - Ste. Rose Royals : 1.
8:40 of 1st period - Derek Ryan wins face-off versus Danila Klimovich in neutral zone.
8:43 of 1st period - Snap shot by Kaapo Kakko.
8:43 of 1st period - Stopped by Dylan Garand without a rebound.
8:44 of 1st period - Danila Klimovich wins face-off versus Derek Ryan in Laval Squanderers zone.
8:49 of 1st period - Derek Ryan is hit by Kaedan Korczak and loses puck.
9:16 of 1st period - Snap shot by Ryan Poehling.
9:16 of 1st period - Deflect By Colin Blackwell.
9:16 of 1st period - Shot Misses the Net.
9:16 of 1st period - Puck is out of play.
9:17 of 1st period - Mark Kastelic wins face-off versus Matthew Peca in Laval Squanderers zone.
9:28 of 1st period - Slapshot by Matthew Peca.
9:28 of 1st period - Deflect By Oliver Wahlstrom.
9:28 of 1st period - Shot Blocked by Mark Kastelic.
9:28 of 1st period - Puck is out of play.
9:29 of 1st period - Colin Blackwell wins face-off versus Graeme Clarke in Laval Squanderers zone.
9:42 of 1st period - Colin Blackwell is hit by Justin Barron and loses puck.
10:21 of 1st period - Wrist shot by Lukas Reichel.
10:21 of 1st period - Shot Misses the Net.
10:59 of 1st period - Snap shot by Simon Holmstrom.
10:59 of 1st period - Shot Blocked by Jaycob Megna.
11:24 of 1st period - Joel Armia is hit by Oliver Wahlstrom and loses puck.
11:47 of 1st period - Joel Hanley is hit by Danila Klimovich and loses puck.
12:14 of 1st period - Snap shot by Grigori Denisenko.
12:14 of 1st period - Stopped by Dylan Garand with a rebound.
12:30 of 1st period - Slapshot by Mackenzie MacEachern.
12:30 of 1st period - Shot Misses the Net.
12:46 of 1st period - Martin Kaut is hit by Joel Armia and loses puck.
12:56 of 1st period - Joel Armia is hit by Simon Holmstrom and loses puck.
13:04 of 1st period - Icing by Derek Ryan.
13:05 of 1st period - Matthew Peca wins face-off versus Danila Klimovich in Ste. Rose Royals zone.
13:16 of 1st period - Wrist shot by Reese Johnson.
13:16 of 1st period - Stopped by Cayden Primeau with a rebound.
13:18 of 1st period - Slapshot by Nils Lundkvist.
13:18 of 1st period - Stopped by Cayden Primeau with a rebound.
13:20 of 1st period - Slapshot by Justin Barron.
13:20 of 1st period - Stopped by Cayden Primeau without a rebound.
13:21 of 1st period - Mark Kastelic wins face-off versus Colin Blackwell in Ste. Rose Royals zone.
13:48 of 1st period - Snap shot by Reese Johnson.
13:48 of 1st period - Shot Blocked by Nathan Beaulieu.
13:50 of 1st period - Slapshot by Danila Klimovich.
13:50 of 1st period - Shot Misses the Net.
13:52 of 1st period - Slapshot by Lukas Reichel.
13:52 of 1st period - Stopped by Cayden Primeau with a rebound.
13:54 of 1st period - Slapshot by Braden Schneider.
13:54 of 1st period - Stopped by Cayden Primeau with a rebound.
13:56 of 1st period - Snap shot by Reese Johnson.
13:56 of 1st period - Stopped by Cayden Primeau with a rebound.
13:58 of 1st period - Wrist shot by Braden Schneider.
13:58 of 1st period - Stopped by Cayden Primeau with a rebound.
14:36 of 1st period - Wrist shot by Matthew Peca.
14:36 of 1st period - Stopped by Dylan Garand with a rebound.
14:52 of 1st period - Snap shot by Mark Kastelic.
14:52 of 1st period - Deflect By Oliver Wahlstrom.
14:52 of 1st period - Shot Misses the Net.
14:52 of 1st period - Puck is out of play.
14:53 of 1st period - Mark Kastelic wins face-off versus Kristian Vesalainen in Ste. Rose Royals zone.
14:54 of 1st period - Snap shot by Oliver Wahlstrom.
14:54 of 1st period - Shot Blocked by Tanner Fritz.
15:24 of 1st period - Icing by Derek Ryan.
15:25 of 1st period - Derek Ryan wins face-off versus Danila Klimovich in Ste. Rose Royals zone.
16:16 of 1st period - Slapshot by Brendan Perlini.
16:16 of 1st period - Stopped by Dylan Garand with a rebound.
16:58 of 1st period - Wrist shot by Reese Johnson.
16:58 of 1st period - Shot Blocked by Derek Ryan.
17:00 of 1st period - Slapshot by Justin Barron.
17:00 of 1st period - Stopped by Cayden Primeau with a rebound.
17:42 of 1st period - Wrist shot by Brendan Perlini.
17:42 of 1st period - Deflect By Martin Kaut.
17:42 of 1st period - Shot Misses the Net.
17:42 of 1st period - Puck is out of play.
17:43 of 1st period - Danila Klimovich wins face-off versus Matthew Peca in Laval Squanderers zone.
17:50 of 1st period - Snap shot by Lukas Reichel.
17:50 of 1st period - Shot Misses the Net.
18:06 of 1st period - Minor Penalty to Danila Klimovich for Roughing.
18:07 of 1st period - Derek Ryan wins face-off versus Oliver Wahlstrom in Laval Squanderers zone.
18:16 of 1st period - Snap shot by Joel Armia.
18:16 of 1st period - Stopped by Dylan Garand with a rebound.
18:48 of 1st period - Snap shot by Derek Ryan.
18:48 of 1st period - Deflect By Mark Kastelic.
18:48 of 1st period - Shot Misses the Net.
18:48 of 1st period - Puck is out of play.
18:49 of 1st period - Oliver Wahlstrom wins face-off versus Colin Blackwell in Laval Squanderers zone.
19:06 of 1st period - Backhand shot by Oliver Wahlstrom.
19:06 of 1st period - Shot Blocked by Jaycob Megna.
19:14 of 1st period - Snap shot by Mark Kastelic.
19:14 of 1st period - Stopped by Cayden Primeau with a rebound.
19:16 of 1st period - Snap shot by Mark Kastelic.
19:16 of 1st period - Shot Hit the Post.
19:18 of 1st period - Slapshot by Nils Lundkvist.
19:18 of 1st period - Stopped by Cayden Primeau with a rebound.
19:20 of 1st period - Slapshot by Nils Lundkvist.
19:20 of 1st period - Shot Blocked by Colin Blackwell.
19:22 of 1st period - Wrist shot by Oliver Wahlstrom.
19:22 of 1st period - Stopped by Cayden Primeau without a rebound.
19:23 of 1st period - Derek Ryan wins face-off versus Martin Kaut in Ste. Rose Royals zone.
19:32 of 1st period - Snap shot by Martin Kaut.
19:32 of 1st period - Shot Misses the Net.
19:44 of 1st period - Joel Hanley is hit by Mackenzie MacEachern and loses puck.
19:50 of 1st period - Off-side.
19:51 of 1st period - Colin Blackwell wins face-off versus Oliver Wahlstrom in neutral zone.
Goals for this period are 0 for Laval Squanderers vs 1 for Ste. Rose Royals.
Shots for this period are 12 for Laval Squanderers vs 12 for Ste. Rose Royals.
2nd period
0:01 of 2nd period - Derek Ryan wins face-off versus Mark Kastelic in neutral zone.
0:06 of 2nd period - Penalty to Danila Klimovich is over, Danila Klimovich is back on ice.
0:08 of 2nd period - Snap shot by Kaapo Kakko.
0:08 of 2nd period - Stopped by Dylan Garand without a rebound.
0:09 of 2nd period - Oliver Wahlstrom wins face-off versus Derek Ryan in Laval Squanderers zone.
0:48 of 2nd period - Wrist shot by Kaapo Kakko.
0:48 of 2nd period - Deflect By Kyle Burroughs.
0:48 of 2nd period - Stopped by Dylan Garand with a rebound.
0:50 of 2nd period - Slapshot by Joel Armia.
0:50 of 2nd period - Shot Misses the Net.
0:54 of 2nd period - Wrist shot by Joel Armia.
0:54 of 2nd period - Stopped by Dylan Garand with a rebound.
0:56 of 2nd period - Snap shot by Kaapo Kakko.
0:56 of 2nd period - Goal by Kaapo Kakko - Laval Squanderers : 0 - Ste. Rose Royals : 2.
0:57 of 2nd period - Graeme Clarke wins face-off versus Trevor Lewis in neutral zone.
1:22 of 2nd period - Klim Kostin is hit by Kaedan Korczak and loses puck.
1:29 of 2nd period - Slapshot by Lias Andersson.
1:29 of 2nd period - Shot Misses the Net.
1:31 of 2nd period - Wrist shot by Mike Hardman.
1:31 of 2nd period - Shot Misses the Net.
1:33 of 2nd period - Snap shot by Joey Keane.
1:33 of 2nd period - Shot Misses the Net.
1:51 of 2nd period - Lukas Reichel is hit by Tanner Fritz and loses puck.
2:28 of 2nd period - Wrist shot by Lukas Reichel.
2:28 of 2nd period - Stopped by Cayden Primeau with a rebound.
2:30 of 2nd period - Snap shot by Reese Johnson.
2:30 of 2nd period - Stopped by Cayden Primeau without a rebound.
2:31 of 2nd period - Matthew Peca wins face-off versus Simon Holmstrom in Ste. Rose Royals zone.
2:46 of 2nd period - Snap shot by Simon Holmstrom.
2:46 of 2nd period - Deflect By Martin Kaut.
2:46 of 2nd period - Goal by Martin Kaut - Laval Squanderers : 1 - Ste. Rose Royals : 2.
2:47 of 2nd period - Graeme Clarke wins face-off versus Colin Blackwell in neutral zone.
3:01 of 2nd period - Slapshot by Ryan Poehling.
3:01 of 2nd period - Stopped by Dylan Garand without a rebound.
3:02 of 2nd period - Mark Kastelic wins face-off versus Derek Ryan in Laval Squanderers zone.
3:07 of 2nd period - Wrist shot by Mark Kastelic.
3:07 of 2nd period - Deflect By Kaapo Kakko.
3:07 of 2nd period - Stopped by Cayden Primeau with a rebound.
3:13 of 2nd period - Oliver Wahlstrom is hit by Joel Armia and loses puck.
3:28 of 2nd period - Snap shot by Trevor Lewis.
3:28 of 2nd period - Shot Misses the Net.
3:30 of 2nd period - Slapshot by Jaycob Megna.
3:30 of 2nd period - Shot Blocked by Martin Kaut.
3:32 of 2nd period - Snap shot by Jaycob Megna.
3:32 of 2nd period - Stopped by Dylan Garand without a rebound.
3:33 of 2nd period - Graeme Clarke wins face-off versus Colin Blackwell in Laval Squanderers zone.
3:33 of 2nd period - Graeme Clarke is hit by Colin Blackwell.
3:45 of 2nd period - Minor Penalty to Graeme Clarke for Roughing.
3:46 of 2nd period - Derek Ryan wins face-off versus Martin Kaut in Laval Squanderers zone.
3:48 of 2nd period - Backhand shot by Kaapo Kakko.
3:48 of 2nd period - Stopped by Dylan Garand with a rebound.
3:50 of 2nd period - Snap shot by Joel Armia.
3:50 of 2nd period - Shot Misses the Net.
3:52 of 2nd period - Slapshot by Joel Hanley.
3:52 of 2nd period - Stopped by Dylan Garand with a rebound.
3:54 of 2nd period - Snap shot by Derek Ryan.
3:54 of 2nd period - Shot Blocked by Braden Schneider.
4:02 of 2nd period - Snap shot by Kaapo Kakko.
4:02 of 2nd period - Stopped by Dylan Garand with a rebound.
4:54 of 2nd period - Nils Lundkvist is hit by Joel Armia.
5:45 of 2nd period - Penalty to Graeme Clarke is over, Graeme Clarke is back on ice.
5:58 of 2nd period - Snap shot by Lias Andersson.
5:58 of 2nd period - Shot Blocked by Tanner Fritz.
6:00 of 2nd period - Slapshot by Justin Barron.
6:00 of 2nd period - Stopped by Cayden Primeau with a rebound.
7:26 of 2nd period - Minor Penalty to Graeme Clarke for Roughing.
7:27 of 2nd period - Derek Ryan wins face-off versus Oliver Wahlstrom in Laval Squanderers zone.
7:28 of 2nd period - Slapshot by Kaapo Kakko.
7:28 of 2nd period - Stopped by Dylan Garand with a rebound.
9:24 of 2nd period - Lukas Reichel is hit by Matthew Peca.
9:26 of 2nd period - Penalty to Graeme Clarke is over, Graeme Clarke is back on ice.
9:43 of 2nd period - Snap shot by Grigori Denisenko.
9:43 of 2nd period - Shot Misses the Net.
9:51 of 2nd period - Alex Green is hit by Kristian Vesalainen.
10:07 of 2nd period - Snap shot by Reese Johnson.
10:07 of 2nd period - Stopped by Cayden Primeau with a rebound.
10:49 of 2nd period - Justin Barron is hit by Mike Reilly.
10:56 of 2nd period - Icing by Colin Blackwell.
10:57 of 2nd period - Mark Kastelic wins face-off versus Colin Blackwell in Ste. Rose Royals zone.
10:58 of 2nd period - Snap shot by Oliver Wahlstrom.
10:58 of 2nd period - Stopped by Cayden Primeau without a rebound.
10:59 of 2nd period - Mike Hardman wins face-off versus Joel Armia in Ste. Rose Royals zone.
11:09 of 2nd period - Snap shot by Joey Keane.
11:09 of 2nd period - Stopped by Cayden Primeau without a rebound.
11:10 of 2nd period - Mark Kastelic wins face-off versus Kaapo Kakko in Ste. Rose Royals zone.
11:26 of 2nd period - Icing by Derek Ryan.
11:27 of 2nd period - Graeme Clarke wins face-off versus Derek Ryan in Ste. Rose Royals zone.
11:28 of 2nd period - Wrist shot by Martin Kaut.
11:28 of 2nd period - Shot Misses the Net.
11:45 of 2nd period - Martin Kaut is hit by Joel Armia and loses puck.
11:54 of 2nd period - Slapshot by Joel Armia.
11:54 of 2nd period - Stopped by Dylan Garand with a rebound.
11:56 of 2nd period - Slapshot by Derek Ryan.
11:56 of 2nd period - Deflect By Joel Armia.
11:56 of 2nd period - Shot Hit the Post.
11:56 of 2nd period - Puck is out of play.
11:57 of 2nd period - Colin Blackwell wins face-off versus Mark Kastelic in Laval Squanderers zone.
12:02 of 2nd period - Slapshot by Trevor Lewis.
12:02 of 2nd period - Goal by Trevor Lewis - Laval Squanderers : 1 - Ste. Rose Royals : 3.
12:03 of 2nd period - Colin Blackwell wins face-off versus Mark Kastelic in neutral zone.
12:14 of 2nd period - Joel Hanley is hit by Mackenzie MacEachern and loses puck.
12:29 of 2nd period - Martin Kaut is hit by Joel Hanley and loses puck.
12:40 of 2nd period - Braden Schneider is hit by Mike Reilly and loses puck.
12:51 of 2nd period - Slapshot by Kyle Burroughs.
12:51 of 2nd period - Shot Misses the Net.
12:53 of 2nd period - Slapshot by Kyle Burroughs.
12:53 of 2nd period - Shot Blocked by Joel Armia.
12:55 of 2nd period - Wrist shot by Lukas Reichel.
12:55 of 2nd period - Shot Blocked by Mike Reilly.
12:57 of 2nd period - Wrist shot by Danila Klimovich.
12:57 of 2nd period - Laval Squanderers goal is going for a video replay.
12:57 of 2nd period - The goal is good.
12:57 of 2nd period - Goal by Danila Klimovich - Laval Squanderers : 2 - Ste. Rose Royals : 3.
12:58 of 2nd period - Mark Kastelic wins face-off versus Colin Blackwell in neutral zone.
13:11 of 2nd period - Wrist shot by Colin Blackwell.
13:11 of 2nd period - Stopped by Dylan Garand with a rebound.
13:23 of 2nd period - Justin Barron is hit by Klim Kostin and loses puck.
13:28 of 2nd period - Snap shot by Matthew Peca.
13:28 of 2nd period - Stopped by Dylan Garand with a rebound.
13:58 of 2nd period - Snap shot by Reese Johnson.
13:58 of 2nd period - Stopped by Cayden Primeau with a rebound.
14:00 of 2nd period - Wrist shot by Reese Johnson.
14:00 of 2nd period - Shot Blocked by Joel Armia.
14:18 of 2nd period - Snap shot by Kyle Burroughs.
14:18 of 2nd period - Deflect By Ryan Poehling.
14:18 of 2nd period - Stopped by Cayden Primeau without a rebound.
14:19 of 2nd period - Mark Kastelic wins face-off versus Colin Blackwell in Ste. Rose Royals zone.
15:28 of 2nd period - Slapshot by Grigori Denisenko.
15:28 of 2nd period - Stopped by Dylan Garand with a rebound.
15:32 of 2nd period - Snap shot by Grigori Denisenko.
15:32 of 2nd period - Stopped by Dylan Garand with a rebound.
15:34 of 2nd period - Snap shot by Kristian Vesalainen.
15:34 of 2nd period - Shot Misses the Net.
16:08 of 2nd period - Simon Holmstrom is hit by Brendan Guhle and loses puck.
16:40 of 2nd period - Snap shot by Kaapo Kakko.
16:40 of 2nd period - Shot Misses the Net.
17:39 of 2nd period - Martin Kaut is hit by Mike Reilly and loses puck.
17:46 of 2nd period - Snap shot by Klim Kostin.
17:46 of 2nd period - Shot Misses the Net.
17:48 of 2nd period - Wrist shot by Matthew Peca.
17:48 of 2nd period - Shot Blocked by Nils Lundkvist.
18:08 of 2nd period - Danila Klimovich is hit by Kaapo Kakko and loses puck.
18:25 of 2nd period - Nils Lundkvist is hit by Trevor Lewis and loses puck.
18:46 of 2nd period - Slapshot by Mark Kastelic.
18:46 of 2nd period - Shot Blocked by Mike Reilly.
18:48 of 2nd period - Snap shot by Mark Kastelic.
18:48 of 2nd period - Shot Blocked by Jaycob Megna.
18:50 of 2nd period - Snap shot by Mackenzie MacEachern.
18:50 of 2nd period - Deflect By Oliver Wahlstrom.
18:50 of 2nd period - Shot Misses the Net.
18:50 of 2nd period - Puck is out of play.
18:51 of 2nd period - Danila Klimovich wins face-off versus Colin Blackwell in Ste. Rose Royals zone.
19:08 of 2nd period - Joel Hanley is hit by Danila Klimovich and loses puck.
19:33 of 2nd period - Icing by Derek Ryan.
19:34 of 2nd period - Derek Ryan wins face-off versus Martin Kaut in Ste. Rose Royals zone.
19:41 of 2nd period - Snap shot by Martin Kaut.
19:41 of 2nd period - Shot Misses the Net.
19:43 of 2nd period - Slapshot by Graeme Clarke.
19:43 of 2nd period - Shot Blocked by Joel Hanley.
19:45 of 2nd period - Snap shot by Simon Holmstrom.
19:45 of 2nd period - Shot Blocked by Joel Hanley.
19:47 of 2nd period - Slapshot by Martin Kaut.
19:47 of 2nd period - Stopped by Cayden Primeau without a rebound.
19:48 of 2nd period - Mark Kastelic wins face-off versus Matthew Peca in Ste. Rose Royals zone.
19:49 of 2nd period - Wrist shot by Oliver Wahlstrom.
19:49 of 2nd period - Shot Misses the Net.
Goals for this period are 2 for Laval Squanderers vs 2 for Ste. Rose Royals.
Shots for this period are 12 for Laval Squanderers vs 16 for Ste. Rose Royals.
3rd period
0:01 of 3rd period - Matthew Peca wins face-off versus Mark Kastelic in neutral zone.
0:52 of 3rd period - Slapshot by Klim Kostin.
0:52 of 3rd period - Stopped by Dylan Garand with a rebound.
0:54 of 3rd period - Wrist shot by Klim Kostin.
0:54 of 3rd period - Stopped by Dylan Garand with a rebound.
0:56 of 3rd period - Slapshot by Mike Reilly.
0:56 of 3rd period - Shot Misses the Net.
1:10 of 3rd period - Snap shot by Matthew Peca.
1:10 of 3rd period - Stopped by Dylan Garand without a rebound.
1:11 of 3rd period - Colin Blackwell wins face-off versus Mark Kastelic in Laval Squanderers zone.
1:51 of 3rd period - Slapshot by Martin Kaut.
1:51 of 3rd period - Deflect By Simon Holmstrom.
1:51 of 3rd period - Shot Blocked by Joel Hanley.
1:51 of 3rd period - Puck is out of play.
1:52 of 3rd period - Lias Andersson wins face-off versus Tanner Fritz in Ste. Rose Royals zone.
2:20 of 3rd period - Snap shot by Kaapo Kakko.
2:20 of 3rd period - Deflect By Joel Armia.
2:20 of 3rd period - Stopped by Dylan Garand with a rebound.
2:23 of 3rd period - Icing by Nils Lundkvist.
2:24 of 3rd period - Kaapo Kakko wins face-off versus Graeme Clarke in Laval Squanderers zone.
2:35 of 3rd period - Slapshot by Joel Armia.
2:35 of 3rd period - Goal by Joel Armia - Laval Squanderers : 2 - Ste. Rose Royals : 4.
2:36 of 3rd period - Mark Kastelic wins face-off versus Ryan Poehling in neutral zone.
2:50 of 3rd period - Minor Penalty to Kyle Burroughs for Holding.
2:51 of 3rd period - Colin Blackwell wins face-off versus Martin Kaut in Laval Squanderers zone.
3:17 of 3rd period - Jaycob Megna is hit by Oliver Wahlstrom and loses puck.
4:14 of 3rd period - Mark Kastelic is hit by Trevor Lewis and loses puck.
4:50 of 3rd period - Penalty to Kyle Burroughs is over, Kyle Burroughs is back on ice.
4:55 of 3rd period - Danila Klimovich is hit by Jaycob Megna and loses puck.
5:12 of 3rd period - Brendan Guhle is hit by Lias Andersson and loses puck.
6:21 of 3rd period - Graeme Clarke is hit by Brendan Perlini and loses puck.
6:32 of 3rd period - Simon Holmstrom is hit by Tanner Fritz and loses puck.
6:59 of 3rd period - Wrist shot by Mark Kastelic.
6:59 of 3rd period - Shot Misses the Net.
7:01 of 3rd period - Wrist shot by Mackenzie MacEachern.
7:01 of 3rd period - Shot Misses the Net.
7:03 of 3rd period - Snap shot by Mackenzie MacEachern.
7:03 of 3rd period - Shot Blocked by Colin Blackwell.
7:13 of 3rd period - Brendan Perlini is hit by Lias Andersson.
7:47 of 3rd period - Oliver Wahlstrom is hit by Joel Armia and loses puck.
8:09 of 3rd period - Joel Hanley is hit by Danila Klimovich.
8:23 of 3rd period - Trevor Lewis is hit by Simon Holmstrom.
9:18 of 3rd period - Alex Green is hit by Tanner Fritz and loses puck.
9:37 of 3rd period - Danila Klimovich is hit by Nathan Beaulieu and loses puck.
9:52 of 3rd period - Mackenzie MacEachern is hit by Colin Blackwell and loses puck.
10:01 of 3rd period - Brendan Guhle is hit by Mackenzie MacEachern and loses puck.
11:06 of 3rd period - Ryan Poehling is hit by Kaedan Korczak.
11:10 of 3rd period - Ryan Poehling is hit by Joey Keane and loses puck.
11:29 of 3rd period - Minor Penalty to Mark Kastelic for Roughing.
11:30 of 3rd period - Martin Kaut wins face-off versus Derek Ryan in Laval Squanderers zone.
13:29 of 3rd period - Penalty to Mark Kastelic is over, Mark Kastelic is back on ice.
13:38 of 3rd period - Wrist shot by Ryan Poehling.
13:38 of 3rd period - Stopped by Dylan Garand with a rebound.
13:40 of 3rd period - Slapshot by Libor Hajek.
13:40 of 3rd period - Deflect By Matthew Peca.
13:40 of 3rd period - Shot Misses the Net.
13:40 of 3rd period - Puck is out of play.
13:41 of 3rd period - Matthew Peca wins face-off versus Graeme Clarke in Laval Squanderers zone.
13:44 of 3rd period - Wrist shot by Klim Kostin.
13:44 of 3rd period - Shot Blocked by Alex Green.
13:52 of 3rd period - Slapshot by Matthew Peca.
13:52 of 3rd period - Shot Misses the Net.
13:54 of 3rd period - Snap shot by Brendan Perlini.
13:54 of 3rd period - Shot Misses the Net.
13:56 of 3rd period - Slapshot by Brendan Perlini.
13:56 of 3rd period - Shot Blocked by Alex Green.
13:58 of 3rd period - Wrist shot by Libor Hajek.
13:58 of 3rd period - Shot Blocked by Martin Kaut.
14:00 of 3rd period - Snap shot by Klim Kostin.
14:00 of 3rd period - Deflect By Simon Holmstrom.
14:00 of 3rd period - Shot Blocked by Graeme Clarke.
14:00 of 3rd period - Puck is out of play.
14:01 of 3rd period - Joel Armia wins face-off versus Mark Kastelic in Laval Squanderers zone.
14:32 of 3rd period - Wrist shot by Matthew Peca.
14:32 of 3rd period - Shot Misses the Net.
14:34 of 3rd period - Slapshot by Joel Hanley.
14:34 of 3rd period - Deflect By Matthew Peca.
14:34 of 3rd period - Shot Misses the Net.
14:34 of 3rd period - Puck is out of play.
14:35 of 3rd period - Colin Blackwell wins face-off versus Graeme Clarke in Laval Squanderers zone.
15:28 of 3rd period - Slapshot by Ryan Poehling.
15:28 of 3rd period - Shot Misses the Net.
15:30 of 3rd period - Snap shot by Ryan Poehling.
15:30 of 3rd period - Shot Blocked by Oliver Wahlstrom.
15:32 of 3rd period - Wrist shot by Colin Blackwell.
15:32 of 3rd period - Shot Misses the Net.
15:34 of 3rd period - Snap shot by Ryan Poehling.
15:34 of 3rd period - Goal by Ryan Poehling - Laval Squanderers : 2 - Ste. Rose Royals : 5.
15:35 of 3rd period - Graeme Clarke wins face-off versus Derek Ryan in neutral zone.
15:38 of 3rd period - Snap shot by Simon Holmstrom.
15:38 of 3rd period - Stopped by Cayden Primeau with a rebound.
15:40 of 3rd period - Snap shot by Simon Holmstrom.
15:40 of 3rd period - Stopped by Cayden Primeau with a rebound.
15:42 of 3rd period - Slapshot by Nils Lundkvist.
15:42 of 3rd period - Shot Misses the Net.
15:44 of 3rd period - Snap shot by Martin Kaut.
15:44 of 3rd period - Shot Blocked by Derek Ryan.
15:46 of 3rd period - Snap shot by Justin Barron.
15:46 of 3rd period - Stopped by Cayden Primeau with a rebound.
15:48 of 3rd period - Wrist shot by Nils Lundkvist.
15:48 of 3rd period - Deflect By Simon Holmstrom.
15:48 of 3rd period - Stopped by Cayden Primeau with a rebound.
16:19 of 3rd period - Slapshot by Nils Lundkvist.
16:19 of 3rd period - Stopped by Cayden Primeau without a rebound.
16:20 of 3rd period - Danila Klimovich wins face-off versus Tanner Fritz in Ste. Rose Royals zone.
16:47 of 3rd period - Kyle Burroughs is hit by Colin Blackwell and loses puck.
17:14 of 3rd period - Snap shot by Lukas Reichel.
17:14 of 3rd period - Shot Misses the Net.
17:16 of 3rd period - Slapshot by Lukas Reichel.
17:16 of 3rd period - Stopped by Cayden Primeau with a rebound.
17:18 of 3rd period - Slapshot by Justin Barron.
17:18 of 3rd period - Stopped by Cayden Primeau with a rebound.
17:20 of 3rd period - Slapshot by Nils Lundkvist.
17:20 of 3rd period - Stopped by Cayden Primeau without a rebound.
17:21 of 3rd period - Derek Ryan wins face-off versus Martin Kaut in Ste. Rose Royals zone.
17:21 of 3rd period - Derek Ryan is hit by Braden Schneider.
17:26 of 3rd period - Off-side.
17:27 of 3rd period - Graeme Clarke wins face-off versus Derek Ryan in neutral zone.
17:30 of 3rd period - Snap shot by Simon Holmstrom.
17:30 of 3rd period - Shot Misses the Net.
17:38 of 3rd period - Braden Schneider is hit by Joel Armia and loses puck.
18:01 of 3rd period - Martin Kaut is hit by Trevor Lewis and loses puck.
18:12 of 3rd period - Slapshot by Martin Kaut.
18:12 of 3rd period - Shot Misses the Net.
18:14 of 3rd period - Snap shot by Martin Kaut.
18:14 of 3rd period - Deflect By Jaycob Megna.
18:14 of 3rd period - Shot Misses the Net.
18:14 of 3rd period - Puck is out of play.
18:15 of 3rd period - Mark Kastelic wins face-off versus Matthew Peca in Ste. Rose Royals zone.
18:47 of 3rd period - Danila Klimovich is hit by Brendan Guhle and loses puck.
19:04 of 3rd period - Snap shot by Lias Andersson.
19:04 of 3rd period - Shot Misses the Net.
19:06 of 3rd period - Slapshot by Justin Barron.
19:06 of 3rd period - Shot Misses the Net.
19:08 of 3rd period - Backhand shot by Mike Hardman.
19:08 of 3rd period - Shot Misses the Net.
19:10 of 3rd period - Snap shot by Justin Barron.
19:10 of 3rd period - Deflect By Ryan Poehling.
19:10 of 3rd period - Stopped by Cayden Primeau with a rebound.
19:12 of 3rd period - Snap shot by Mike Hardman.
19:12 of 3rd period - Shot Misses the Net.
19:30 of 3rd period - Slapshot by Kaedan Korczak.
19:30 of 3rd period - Deflect By Nathan Beaulieu.
19:30 of 3rd period - Stopped by Cayden Primeau with a rebound.
19:40 of 3rd period - Wrist shot by Brendan Perlini.
19:40 of 3rd period - Stopped by Dylan Garand without a rebound.
19:41 of 3rd period - Graeme Clarke wins face-off versus Klim Kostin in Laval Squanderers zone.
Goals for this period are 0 for Laval Squanderers vs 2 for Ste. Rose Royals.
Shots for this period are 10 for Laval Squanderers vs 8 for Ste. Rose Royals.
Back to the Top